 Dungeon Crawl Stone Soup version 0.24.0-37-gcf1ca852f1 (webtiles) character file.

Game seed: 7578989403805705136, levelgen mode: deterministic

35088 Delamore the Severer (level 13, -3/130 HPs)
             Began as a Hill Orc Fighter on Nov 28, 2019.
             Was the Champion of Okawaru.
             Succumbed to a black mamba's poison
             ... on level 6 of the Lair of Beasts.
             The game lasted 00:27:40 (15883 turns).

Delamore the Severer (Hill Orc Fighter)            Turns: 15883, Time: 00:27:41

Health: -3/130     AC: 25    Str: 24    XL:     13   Next: 81%
Magic:  1/15       EV:  9    Int: 12    God:    Okawaru [******]
Gold:   1067       SH: 12    Dex: 14    Spells: 12/12 levels left

rFire    + . .     SeeInvis +   N - +8 war axe of Aroukim {elec, rF+ rC+ Int+4 Dex-2}
rCold    + . .     Gourm    .   c - +0 shield
rNeg     + . .     Faith    .   E - +0 plate armour
rPois    .         Spirit   +   L - +1 helmet of the Princeling {+Blink rElec Dex+3}
rElec    +         Reflect  .   y - scarf {repulsion}
rCorr    .         Harm     .   n - +2 pair of gloves {Dex+3}
MR       .....                  V - +1 pair of boots
Stlth    ..........             W - amulet of guardian spirit
HPRegen  0.31/turn              U - ring of see invisible
MPRegen  0.14/turn              B - ring of positive energy

@: lethally poisoned (-3 -> -60), heroism, very slightly contaminated, repel
missiles
A: no striking features
a: Heroism, Finesse, Renounce Religion, Evoke Blink


You were on level 6 of the Lair of Beasts.
You worshipped Okawaru.
Okawaru was exalted by your worship.
You were not hungry.

You visited 3 branches of the dungeon, and saw 17 of its levels.

You collected 1067 gold pieces.

Inventory:

Hand Weapons
 b - a +5 war axe of flaming
 F - a +2 broad axe of pain
 N - the +8 war axe of Aroukim (weapon) {elec, rF+ rC+ Int+4 Dex-2}
   (Okawaru gifted it to you on level 10 of the Dungeon)

   Occasionally, upon striking a foe, it will discharge some electrical energy
   and cause terrible harm.
   It affects your intelligence (+4).
   It affects your dexterity (-2).
   It protects you from fire.
   It protects you from cold.
Missiles
 i - 32 poisoned darts (quivered)
 r - 6 silver boomerangs
 x - 7 atropa-tipped darts
Armour
 c - a +0 shield (worn)
 n - a +2 pair of gloves of dexterity (worn)
 s - a +0 ring mail of fire resistance
 y - a scarf of repulsion (worn)
 E - a +0 plate armour (worn)
 K - a +2 cloak
 L - the +1 helmet of the Princeling (worn) {+Blink rElec Dex+3}
   (Okawaru gifted it to you on level 2 of the Lair of Beasts)

   It affects your dexterity (+3).
   It insulates you from electricity.
   It lets you blink.
 V - a +1 pair of boots (worn)
Jewellery
 w - a +3 ring of dexterity
 B - a ring of positive energy (right hand)
 U - a ring of see invisible (left hand)
 W - an amulet of guardian spirit (around neck)
Wands
 l - a wand of flame (32)
 m - a wand of iceblast (6)
 D - a wand of paralysis (5)
 P - a wand of scattershot (5)
 T - a wand of digging (7)
Scrolls
 a - a scroll of enchant armour
 g - 4 scrolls of magic mapping
 j - 5 scrolls of identify
 k - 3 scrolls of enchant weapon
 p - 2 scrolls of amnesia
 v - a scroll of torment
 A - a scroll of fog
 C - a scroll of remove curse
 J - 2 scrolls of teleportation
Potions
 d - 2 potions of might
 e - 10 potions of curing
 h - 3 potions of agility
 o - a potion of magic
 q - 3 potions of berserk rage
 t - 4 potions of lignification
 z - 2 potions of haste {unknown}
 G - 2 potions of invisibility {unknown}
 H - 2 potions of brilliance {unknown}
 I - a potion of ambrosia {unknown}
 O - a potion of flight {unknown}
 Q - a potion of degeneration {unknown}
 S - a potion of mutation {unknown}
Comestibles
 f - 25 rations
 X - 9 chunks of flesh


   Skills:
 + Level 16.5(21.5) Fighting
 + Level 20.0(25.0) Axes
 + Level 9.2(14.2) Armour
 - Level 3.2(8.2) Shields
 + Level 3.6 Invocations
 + Level 2.5 Evocations


You had 12 spell levels left.
You didn't know any spells.
Your spell library contained the following spells:

 Spells                   Type           Power        Failure   Level  Hunger
 Animate Skeleton         Necr           N/A          100%        1    ##.....
 Apportation              Tloc           #.....       100%        1    ##.....
 Confusing Touch          Hex            #.....       100%        1    ##.....
 Freeze                   Ice            #...         100%        1    ##.....
 Summon Butterflies       Summ           #.......     100%        1    ##.....
 Summon Small Mammal      Summ           #...         100%        1    ##.....
 Throw Frost              Conj/Ice       #.....       100%        2    ###....
 Lesser Beckoning         Tloc           #.........   100%        3    ####...
 Ozocubu's Armour         Chrm/Ice       #.......     100%        3    ####...
 Tukima's Dance           Hex            #.......     100%        3    ####...
 Summon Ice Beast         Ice/Summ       #.......     100%        4    #####..
 Throw Icicle             Conj/Ice       #.......     100%        4    #####..
 Alistair's Intoxication  Tmut/Pois      #.......     100%        5    ######.
 Bolt of Magma            Conj/Fire/Erth #.........   100%        5    ######.
 Iskenderun's Battlesphe  Conj/Chrm      #.......     100%        5    ######.
 Venom Bolt               Conj/Pois      #.........   100%        5    ######.
 Invisibility             Hex            #.......     100%        6    #######
 Iron Shot                Conj/Erth      #.........   100%        6    #######
 Orb of Destruction       Conj           #.........   100%        7    #######
 Spellforged Servitor     Conj/Summ      #.........   100%        7    #######


Dungeon Overview and Level Annotations

Branches:
Dungeon (10/15)            Temple (1/1) D:4            Lair (6/6) D:10
  Swamp (0/4) Lair:4        Snake (0/4) Lair:2          Orc (0/2) D:9
  Slime: Lair:5-6

Altars:
Ashenzari
Cheibriados
Dithmenos
Elyvilon
Fedhas
Gozag
Hepliaklqana
Kikubaaqudgha
Makhleb
Nemelex Xobeh
Okawaru
Qazlal
Ru
Sif Muna
Trog
Uskayaw
Vehumet
Wu Jian
Xom
Yredelemnul
Zin
The Shining One

Shops:
D:7 :

Annotations:
D:8 1 runed translucent door, KrisztiCat's ghost, novice MiBe
Lair:1 2 transporters, diiiiiane's ghost, journeyman OpAs


Message History

The hippogriff bites you but does no damage.
The hippogriff misses you. The hippogriff claws you.
* * * LOW HITPOINT WARNING * * *
You block the black mamba's attack.
You slash the spiny frog!
You kill the spiny frog!
Okawaru accepts your kill.
Your shield and plate armour prevent you from hitting the hippogriff.
You hit the spiny frog. You closely miss the black mamba.
* * * LOW HITPOINT WARNING * * *
You feel very sick.
The spiny frog stings you but does no damage.
You block the hippogriff's attack. x3; The black mamba bites you!
* * * LOW HITPOINT WARNING * * *
Okay, then.
Blink to where?
Press: ? - help, Dir - move target cursor You are very lightly contaminated with residual magic.
As you read the scroll of blinking, it crumbles to dust.
You die...

...#...#....####.......#
...^........#.........+
......................+
#.##....###.....P.#..+
##†####.#....###..#
###..## ##.....###..#
#..P..###......... .#
##...P...#.....#....
####P........@......#
...##.P..............
.....................
.....................
..........†..........
................##...
.........).$..#.# #..
.......§†/....### ..
......SFH....P#


There were no monsters in sight!

Vanquished Creatures
  An orc warlord (D:7)
  Josephine (Lair:5)
  4 hydras
  Pikel (D:7)
  2 oklob plants (Lair:3)
  An orc knight (D:7)
  11 elephants
  Maurice (D:9)
  4 black mambas
  6 spiny frogs
  5 komodo dragons
  2 rime drakes
  A tengu conjurer (D:10)
  A bog body (Lair:4)
  Grinder (D:6)
  A troll (D:10)
  8 blink frogs
  2 hippogriffs
  2 wyverns (Lair:4)
  2 humans (D:9)
  3 wraiths (Lair:5)
  Sigmund (D:3)
  22 yaks
  A basilisk (Lair:3)
  3 hungry ghosts
  14 wargs (D:7)
  10 porcupines
  19 water moccasins
  Duvessa (D:4)
  2 phantoms
  A sky beast (D:10)
  2 black bears
  4 slaves (D:7)
  13 orc warriors
  2 necrophages
  4 ogres
  6 wolves (Lair:2)
  8 crocodiles
  6 centaurs
  3 big kobolds
  9 bullfrogs
  A gnoll sergeant (D:10)
  Dowan (D:4)
  2 scorpions
  4 howler monkeys
  2 bullfrog zombies
  6 crimson imps
  2 hounds
  4 orc priests
  2 centaur zombies
  9 jellies
  A bullfrog skeleton (D:7)
  9 orc wizards
  A centaur skeleton (D:8)
  Ijyb (D:3)
  An iguana (D:8)
  5 hell rats (Lair:3)
  10 worker ants
  3 hound zombies
  A hound skeleton (D:10)
  Robin (D:4)
  A worker ant zombie (D:8)
  15 adders
  4 gnolls (D:10)
  3 shadow imps
  4 oozes
  2 adder skeletons
  2 adder zombies
  3 worms (D:2)
  4 leopard geckos
  66 orcs
  7 ball pythons
  7 bats
  8 giant cockroaches
  15 goblins
  12 hobgoblins
  5 jackals
  24 kobolds
  4 quokkas
  3 frilled lizards
  A giant cockroach zombie (D:5)
  A jackal skeleton (D:9)
  7 rats
  2 fungi
  3 plants
460 creatures vanquished.

Vanquished Creatures (others)
  A fungus (Lair:6)
  3 plants
4 creatures vanquished.

Grand Total: 464 creatures vanquished

Notes
Turn   | Place    | Note
-------+----------+-------------------------------------------
     0 | D:1      | Delamore the Hill Orc Fighter began the quest for the Orb.
     0 | D:1      | Reached XP level 1. HP: 19/19 MP: 1/1
    92 | D:1      | Reached skill level 3 in Axes
   283 | D:1      | Reached XP level 2. HP: 26/26 MP: 2/2
   303 | D:1      | Reached skill level 4 in Axes
   470 | D:1      | Reached XP level 3. HP: 29/31 MP: 3/3
   639 | D:1      | Reached skill level 5 in Axes
   982 | D:2      | Reached XP level 4. HP: 39/39 MP: 4/4
  1028 | D:2      | Reached skill level 6 in Axes
  1114 | D:2      | Found an ornate altar of the Wu Jian Council.
  1321 | D:2      | Found a white marble altar of Elyvilon.
  1321 | D:2      | Found a bloodstained altar of Trog.
  1326 | D:2      | Found a blossoming altar of Fedhas.
  1328 | D:2      | Found a shimmering altar of Xom.
  1330 | D:2      | Found a basalt altar of Yredelemnul.
  1509 | D:3      | Found a radiant altar of Vehumet.
  1615 | D:3      | Reached XP level 5. HP: 45/45 MP: 5/5
  1839 | D:3      | Noticed Sigmund
  1848 | D:3      | HP: 2/45 [Sigmund/+0 scythe (8)]
  1849 | D:3      | Killed Sigmund
  1849 | D:3      | Reached skill level 8 in Axes
  1849 | D:3      | Reached XP level 6. HP: 3/51 MP: 6/6
  2080 | D:3      | Noticed Ijyb
  2105 | D:3      | Killed Ijyb
  2462 | D:4      | Reached skill level 9 in Axes
  2533 | D:4      | Noticed Robin
  2548 | D:4      | Killed Robin
  2652 | D:4      | Reached XP level 7. HP: 42/57 MP: 7/7
  2783 | D:4      | Noticed Dowan
  2783 | D:4      | Noticed Duvessa
  2791 | D:4      | Killed Duvessa
  2791 | D:4      | Reached skill level 10 in Axes
  2804 | D:4      | Killed Dowan
  3029 | D:4      | Found a staircase to the Ecumenical Temple.
  3077 | Temple   | Entered the Ecumenical Temple
  3151 | Temple   | Became a worshipper of Warmaster Okawaru
  3227 | D:4      | Found an opulent altar of Gozag.
  3227 | D:4      | Found a sparkling altar of Nemelex Xobeh.
  3330 | D:5      | Entered Level 5 of the Dungeon
  3405 | D:5      | Reached skill level 11 in Axes
  3480 | D:5      | Reached XP level 8. HP: 47/64 MP: 8/8
  3718 | D:5      | Reached skill level 14 in Axes
  3718 | D:5      | Reached XP level 9. HP: 84/84 MP: 9/9
  4446 | D:6      | Found a hazy altar of Hepliaklqana.
  4475 | D:6      | Found a basalt altar of Yredelemnul.
  4486 | D:6      | Reached * piety under Okawaru
  4707 | D:6      | Reached skill level 10 in Fighting
  5185 | D:6      | Noticed Grinder
  5191 | D:6      | Killed Grinder
  5191 | D:6      | Reached ** piety under Okawaru
  5191 | D:6      | Reached skill level 15 in Axes
  5604 | D:7      | Found Qehizaf's Book Shoppe.
  5675 | D:7      | Reached XP level 10. HP: 94/94 MP: 10/10
  6011 | D:7      | Reached *** piety under Okawaru
  6405 | D:7      | Noticed an orc knight
  6406 | D:7      | Noticed an orc warlord
  6416 | D:7      | Killed an orc knight
  6431 | D:7      | Killed an orc warlord
  6431 | D:7      | Reached **** piety under Okawaru
  6431 | D:7      | Reached skill level 16 in Axes
  6878 | D:7      | Noticed Pikel
  6948 | D:7      | Reached XP level 11. HP: 94/104 MP: 11/11
  6974 | D:7      | Killed Pikel
  6974 | D:7      | Reached ***** piety under Okawaru
  6974 | D:7      | Received a gift from Okawaru
  8007 | D:8      | Found a glowing golden altar of the Shining One.
  8085 | D:8      | Found a runed translucent door.
  8085 | D:8      | Found a shimmering altar of Xom.
  8085 | D:8      | Noticed a +0 dagger of chaos
  8085 | D:8      | Noticed KrisztiCat's ghost (novice MiBe)
  8118 | D:8      | Found an ancient bone altar of Kikubaaqudgha.
  8218 | D:8      | Found a burning altar of Makhleb.
  8404 | D:9      | Noticed Maurice
  8412 | D:9      | Paralysed by something for 6 turns
  8434 | D:9      | Paralysed by Maurice for 7 turns
  8469 | D:9      | Found an iron altar of Okawaru.
  8525 | D:9      | Killed Maurice
  8571 | D:9      | Reached skill level 17 in Axes
  8809 | D:9      | Found a staircase to the Orcish Mines.
  9167 | D:10     | Entered Level 10 of the Dungeon
  9253 | D:10     | Received a gift from Okawaru
  9294 | D:10     | Got a slimy war axe {god gift}
  9295 | D:10     | Identified the +8 war axe of Aroukim {elec, rF+ rC+ Int+4
                  | Dex-2} (Okawaru gifted it to you on level 10 of the
                  | Dungeon)
  9488 | D:10     | Got a scorched ring mail
  9506 | D:10     | Identified the +1 ring mail of the Hare {rN+ MP+9 Dex+3
                  | Slay-5} (You found it on level 10 of the Dungeon)
  9857 | D:10     | Found a staircase to the Lair.
  9876 | Lair:1   | Entered Level 1 of the Lair of Beasts
 10140 | Lair:1   | Reached XP level 12. HP: 116/116 MP: 12/12
 10199 | Lair:1   | Found a hide-covered altar of Uskayaw.
 10212 | Lair:1   | Got a sapphire long sword
 10213 | Lair:1   | Identified the cursed +0 long sword of Toymuwen {drain, rN+
                  | Str+5} (You found it on level 1 of the Lair of Beasts)
 10328 | Lair:1   | Found a transporter.
 10329 | Lair:1   | Identified the +2 trident of Umaf {drain, rPois MR+}
 10329 | Lair:1   | Noticed a spriggan rider
 10331 | Lair:1   | Noticed diiiiiane's ghost (journeyman OpAs)
 10341 | Lair:1   | Found a bloodstained altar of Trog.
 10463 | Lair:1   | Found a transporter.
 10937 | Lair:2   | Reached skill level 18 in Axes
 11027 | Lair:2   | Noticed a four-headed hydra
 11033 | Lair:2   | Killed a one-headed hydra
 11033 | Lair:2   | Received a gift from Okawaru
 11034 | Lair:2   | Got a twisted helmet {god gift}
 11045 | Lair:2   | Identified the +1 helmet of the Princeling {+Blink rElec
                  | Dex+3} (Okawaru gifted it to you on level 2 of the Lair of
                  | Beasts)
 11141 | Lair:2   | Found a staircase to the Snake Pit.
 12054 | Lair:3   | Reached skill level 15 in Fighting
 12304 | Lair:3   | Reached skill level 19 in Axes
 13099 | Lair:3   | Reached XP level 13. HP: 108/127 MP: 13/13
 14143 | Lair:4   | Found a staircase to the Swamp.
 14707 | Lair:5   | Reached ****** piety under Okawaru
 14707 | Lair:5   | Received a gift from Okawaru
 14910 | Lair:5   | Noticed Josephine
 14919 | Lair:5   | Killed Josephine
 14919 | Lair:5   | Reached skill level 1 in Invocations
 14919 | Lair:5   | Reached skill level 1 in Evocations
 15700 | Lair:6   | Entered Level 6 of the Lair of Beasts
 15855 | Lair:6   | Reached skill level 20 in Axes
 15864 | Lair:6   | Received a gift from Okawaru
 15882 | Lair:6   | HP: 1/130 [black mamba (7)]
 15883 | Lair:6   | Succumbed to a black mamba's poison

Levels and vault maps discovered:
D:1:      dpeg_arrival_another_circle, layout_basic, minmay_stone_trees_medium,
          minivault_5, due_unseen_surprise
D:2:      cheibrodos_old_hovel, layout_basic, lemuel_doored_altar,
          chequers_temple_overflow_minitemple, first_ration, solitary_fountain,
          minmay_misc_feat_plants
D:3:      layout_basic, lemuel_crystal_altar, supply_closet_lemuel,
          minmay_crystal_room, uniq_sigmund, uniq_ijyb
D:4:      layout_loops_ring, grunt_temple_overflow_opulence,
          minmay_temple_entry_sparse_star, uniq_duvessa, uniq_robin
D:5:      layout_basic
D:6:      layout_rooms, kennysheep_mini_moat, basic_altar,
          kennysheep_windowed_goal, uniq_grinder
D:7:      lemuel_castle_with_subvaults [lemuel_castle_interior_carwin_1],
          layout_loops_ring, serial_shops, shop, uniq_pikel
D:8:      layout_rooms, kennysheep_mini, kiku_gazebo_garden_becter, basic_altar,
          ebering_ghost_xom
D:9:      layout_basic, orc_0_dummy, okawaru_humans, uniq_maurice
D:10:     layout_rooms, lair_entry_dummy, grunt_tengu_nest, st_stairs_2
Temple:   cyrus_temple_forest
Lair:1:   layout_cave_pods, gammafunk_ghost_wrathful_warriors, basic_altar,
          chequers_serial_rivers_micro_c, serial_bayou_shore_b
Lair:2:   layout_regular_city, minmay_snake_entry_six_corridors,
          lemuel_old_faithful
Lair:3:   layout_cave_pods, nicolae_quartered_pool_super,
          minmay_lair_oklob_chamber
Lair:4:   layout_regular_city, skrybe_swamp_entry_bodies,
          infiniplex_staircase_pool, grunt_megastairs_5
Lair:5:   layout_regular_city, uniq_josephine
Lair:6:   due_jungle_book, layout_gridlike, nicolae_slime_entry_slimehenge,
          serial_bayou_shore_a, grunt_megastairs_4, serial_bayou_shore_b

Skill      XL: |  1  2  3  4  5  6  7  8  9 10 11 12 13 |
---------------+----------------------------------------+-----
Axes           | 3 4 5 6 8 9 11 14 15 16 17 19 20 | 20.0
Fighting       | 9 10 11 13 15 16 | 16.5
Armour         | 8 9 |  9.2
Invocations    | 3 |  3.6
Evocations     | 2 |  2.5
Shields        | |  3.2

Action                   |  1- 3 |  4- 6 |  7- 9 | 10-12 | 13-15 || total
-------------------------+-------+-------+-------+-------+-------++-------
Melee: War axe           |    95 |   170 |   227 |   574 |   160 ||  1226
       Unarmed           |       |     1 |       |       |       ||     1
Throw: Dart              |       |       |    15 |     5 |       ||    20
Invok: Heroism           |       |       |       |     1 |     1 ||     2
  Use: Scroll            |       |       |     9 |     4 |    11 ||    24
       Potion            |       |       |     1 |     2 |       ||     3
  Eat: Chunk             |       |     6 |    10 |    23 |     9 ||    48
       Ration            |       |       |       |     1 |       ||     1
Armor: Scale mail        |    49 |    45 |    43 |       |       ||   137
       Plate armour      |       |       |    23 |   202 |    98 ||   323
Dodge: Dodged            |    30 |    51 |    32 |    60 |    26 ||   199
       Deflected         |       |     1 |     1 |     7 |       ||     9
Block: Shield            |    47 |    66 |    73 |   198 |    72 ||   456
